3AAA
HAMILTON COYOTES @ SUNSET DISTRICT FOG
05/07/2033
 
TOP OF THE 1ST
Hamilton Coyotes batting - Pitching for Sunset District Fog : RHP Jeff Mahl
Pitching: RHP Jeff Mahl
Batting: RHB Elia Amberezzio 0-0: Ball
1-0: Foul Ball, location: 2F
1-1: Swinging Strike
1-2: Foul Ball, location: 2F
1-2: Ball
2-2: Ground out 6-3 (Groundball, 6)
Batting: LHB Ken Stroud 0-0: Foul Ball, location: 2F
0-1: Ball
1-1: Ground out 1-3 (Groundball, 15S)
Batting: RHB Dani Trejo 0-0: Foul Ball, location: 2F
0-1: Ball
1-1: Called Strike
1-2: Strikes out swinging
Top of the 1st over - 0 runs, 0 hits, 0 errors, 0 left on base; Hamilton 0 - Sunset District 0
BOTTOM OF THE 1ST
Sunset District Fog batting - Pitching for Hamilton Coyotes : RHP Héctor Aguilar
Pitching: RHP Héctor Aguilar
Batting: LHB Ed Berry 0-0: Ball
1-0: Foul Ball, location: 2F
1-1: Ball
2-1: Ball
3-1: Called Strike
3-2: Fly out, F9 (Flyball, 9)
Batting: RHB Cristián Coronado 0-0: Called Strike
0-1: Ball
1-1: Ball
2-1: Foul Ball, location: 2F
2-2: Foul Ball, location: 2F
2-2: Foul Ball, location: 2F
2-2: DOUBLE (Line Drive, 7D)
Batting: LHB Ieyoshi Samurakami 0-0: Called Strike
0-1: DOUBLE (Groundball, 3L)
Cristián Coronado scores
Batting: LHB Arnold England 0-0: Ball
1-0: Ground out 3-1 (Groundball, 34)
Ieyoshi Samurakami to third
Batting: SHB José Rico 0-0: Called Strike
0-1: Ball
1-1: Swinging Strike
1-2: Foul Ball, location: 2F
1-2: Foul Ball, location: 2F
1-2: Foul Ball, location: 2F
1-2: Ball
Passed Ball!
Ieyoshi Samurakami scores
2-2: Ball
3-2: Ground out U3 (Groundball, 34)
Bottom of the 1st over - 2 runs, 2 hits, 0 errors, 0 left on base; Hamilton 0 - Sunset District 2
TOP OF THE 2ND
Hamilton Coyotes batting - Pitching for Sunset District Fog : RHP Jeff Mahl
Batting: LHB Scot Willis 0-0: Ball
1-0: Ball
2-0: Ball
3-0: Called Strike
3-1: Fly out, F8 (Flyball, 8LXD)
Batting: SHB Martín Marrero 0-0: Called Strike
0-1: Ball
1-1: Ball
2-1: Swinging Strike
2-2: Foul Ball, location: 2F
2-2: Strikes out swinging
Batting: RHB Duane Wills 0-0: Foul Ball, location: 2F
0-1: Fly out, F4 (Popup, 3DF)
Top of the 2nd over - 0 runs, 0 hits, 0 errors, 0 left on base; Hamilton 0 - Sunset District 2
BOTTOM OF THE 2ND
Sunset District Fog batting - Pitching for Hamilton Coyotes : RHP Héctor Aguilar
Batting: SHB Charles Weber 0-0: Called Strike
0-1: Foul Ball, location: 2F
0-2: SINGLE (Line Drive, 56D)
Batting: RHB Rob Ingram 0-0: Called Strike
0-1: Ball
Wild Pitch!
Charles Weber to second
1-1: Ball
2-1: Ball
3-1: Called Strike
3-2: Base on Balls
Batting: SHB José Ángel 0-0: Grounds into double play, 6-4-3 (Groundball, 6)
Charles Weber to third
Batting: RHB Xavier Gama 0-0: Foul Ball, location: 2F
0-1: Called Strike
0-2: Foul Ball, location: 2F
0-2: Foul Ball, location: 2F
0-2: Fly out, F7 (Line Drive, 7S)
Bottom of the 2nd over - 0 runs, 1 hit, 0 errors, 1 left on base; Hamilton 0 - Sunset District 2
TOP OF THE 3RD
Hamilton Coyotes batting - Pitching for Sunset District Fog : RHP Jeff Mahl
Batting: RHB Warren Martin 0-0: Ball
1-0: Ball
2-0: Foul Ball, location: 2F
2-1: SINGLE (Flyball, 9LM)
Batting: RHB Ernest Daniels 0-0: Called Strike
0-1: Ball
1-1: Ball
2-1: Ball
3-1: Called Strike
3-2: Ground out U3 (Groundball, 34S)
Warren Martin to second
Batting: LHB Tony Rodríguez 0-0: Called Strike
0-1: Ball
1-1: Reached on error, E3 (Groundball, 23)
Warren Martin to third
Batting: RHB Elia Amberezzio 0-0: Ball
1-0: Ball
2-0: Ball
Tony Rodríguez steals 2nd base
3-0: Called Strike
3-1: Foul Ball, location: 2F
3-2: Base on Balls
Batting: LHB Ken Stroud 0-0: Foul Ball, location: 2F
0-1: Fielders Choice at 2nd, 3-6 (Groundball, 3)
Warren Martin scores
Tony Rodríguez to third
Batting: RHB Dani Trejo 0-0: Ball
1-0: Ball
2-0: Ball
3-0: Base on Balls
Ken Stroud to second
Batting: LHB Scot Willis 0-0: Fly out, F9 (Flyball, 9LSF)
Top of the 3rd over - 1 run, 1 hit, 1 error, 3 left on base; Hamilton 1 - Sunset District 2
BOTTOM OF THE 3RD
Sunset District Fog batting - Pitching for Hamilton Coyotes : RHP Héctor Aguilar
Batting: LHB Ed Berry 0-0: Ball
1-0: Ball
2-0: Ground out 6-3 (Groundball, 6)
Batting: RHB Cristián Coronado 0-0: Called Strike
0-1: SOLO HOME RUN (Flyball, 7LD), Distance : 366 ft
Batting: LHB Ieyoshi Samurakami 0-0: Ball
1-0: Foul Ball, location: 2F
1-1: Fly out, F9 (Flyball, 89S)
Batting: LHB Arnold England 0-0: Ball
1-0: Called Strike
1-1: Foul Ball, location: 2F
1-2: Ball
2-2: Ball
3-2: Ground out 6-3 (Groundball, 6)
Bottom of the 3rd over - 1 run, 1 hit, 0 errors, 0 left on base; Hamilton 1 - Sunset District 3
TOP OF THE 4TH
Hamilton Coyotes batting - Pitching for Sunset District Fog : RHP Jeff Mahl
Batting: SHB Martín Marrero 0-0: Ball
1-0: Ball
2-0: Ball
3-0: Base on Balls
Batting: RHB Duane Wills 0-0: Ball
1-0: Called Strike
1-1: Foul Ball, location: 2F
1-2: Ball
2-2: Ball
3-2: Foul Ball, location: 2F
3-2: Base on Balls
Martín Marrero to second
Batting: RHB Warren Martin 0-0: Ball
1-0: Ball
Wild Pitch!
Martín Marrero to third
Duane Wills to second
2-0: Ball
3-0: Called Strike
3-1: Called Strike
3-2: Ground out 5-3 (Groundball, 56S)
Martín Marrero scores
Duane Wills to third
Batting: RHB Ernest Daniels 0-0: Ball
1-0: Called Strike
1-1: Ground out 4-3 (Groundball, 4MS)
Duane Wills scores
Batting: LHB Tony Rodríguez 0-0: Ball
1-0: Swinging Strike
1-1: Swinging Strike
1-2: Ball
2-2: Ground out 3-1 (Groundball, 34)
Top of the 4th over - 2 runs, 0 hits, 0 errors, 0 left on base; Hamilton 3 - Sunset District 3
BOTTOM OF THE 4TH
Sunset District Fog batting - Pitching for Hamilton Coyotes : RHP Héctor Aguilar
Batting: SHB José Rico 0-0: Ball
1-0: Called Strike
1-1: Ball
2-1: Called Strike
2-2: Foul Ball, location: 2F
2-2: Foul Ball, location: 2F
2-2: Ball
3-2: Base on Balls
Batting: SHB Charles Weber 0-0: Called Strike
0-1: SINGLE (Line Drive, 8LM)
José Rico to second
Batting: RHB Rob Ingram 0-0: SINGLE (Groundball, 34D)
José Rico to third
Charles Weber to second
Batting: SHB José Ángel 0-0: Swinging Strike
0-1: Called Strike
0-2: Ball
1-2: Foul Ball, location: 2F
1-2: Fly out, F8 (Flyball, 78M)
Batting: RHB Xavier Gama 0-0: Foul Ball, location: 2F
0-1: Fielders Choice at 2nd, 3-6 (Groundball, 34)
José Rico scores
Charles Weber to third
Batting: LHB Ed Berry 0-0: Ball
1-0: Ball
2-0: Called Strike
2-1: SINGLE (Line Drive, 89S)
Charles Weber scores
Xavier Gama to second
Runner from 2nd tries for 3rd, SAFE, no throw
Pitching: RHP Norberto Flores
Batting: RHB Cristián Coronado 0-0: Foul Ball, location: 2F
0-1: Ball
1-1: Ball
2-1: Fielders Choice at 2nd, 5-4 (Groundball, 56)
Bottom of the 4th over - 2 runs, 3 hits, 0 errors, 2 left on base; Hamilton 3 - Sunset District 5
TOP OF THE 5TH
Hamilton Coyotes batting - Pitching for Sunset District Fog : RHP Jeff Mahl
Batting: RHB Elia Amberezzio 0-0: Called Strike
0-1: Ball
1-1: Ball
2-1: SINGLE (Flyball, 9S)
Batting: LHB Ken Stroud 0-0: Ball
1-0: Sac Bunt - play at first, batter OUT! 2-4
Elia Amberezzio to second
Batting: RHB Dani Trejo 0-0: Ball
1-0: Ball
Elia Amberezzio steals 3rd base
2-0: Foul Ball, location: 2F
2-1: Foul Ball, location: 2F
2-2: Ball
3-2: SINGLE (Line Drive, 5L)
Elia Amberezzio scores
Batting: LHB Scot Willis 0-0: Called Strike
0-1: Ball
1-1: Called Strike
1-2: Foul Ball, location: 2F
1-2: Foul Ball, location: 2F
1-2: Foul Ball, location: 2F
1-2: Strikes out swinging
Pitching: RHP Michael Brown
Batting: SHB Martín Marrero 0-0: Called Strike
0-1: Fly out, F6 (Popup, 6M)
Top of the 5th over - 1 run, 2 hits, 0 errors, 1 left on base; Hamilton 4 - Sunset District 5
BOTTOM OF THE 5TH
Sunset District Fog batting - Pitching for Hamilton Coyotes : RHP Norberto Flores
Batting: LHB Ieyoshi Samurakami 0-0: Ball
1-0: Called Strike
1-1: Called Strike
1-2: Ball
2-2: Ground out 1-3 (Groundball, 15S)
Batting: LHB Arnold England 0-0: Ball
1-0: Fly out, F5 (Line Drive, 56D)
Batting: SHB José Rico 0-0: Ball
1-0: Foul Ball, location: 2F
1-1: Ball
2-1: Ball
3-1: Swinging Strike
3-2: Foul Ball, location: 2F
3-2: Base on Balls
Batting: SHB Charles Weber 0-0: 2-RUN HOME RUN (Flyball, 7LD), Distance : 354 ft
Batting: RHB Rob Ingram 0-0: Swinging Strike
0-1: Foul Ball, location: 2F
0-2: Ground out 4-3 (Groundball, 4S)
Bottom of the 5th over - 2 runs, 1 hit, 0 errors, 0 left on base; Hamilton 4 - Sunset District 7
TOP OF THE 6TH
Hamilton Coyotes batting - Pitching for Sunset District Fog : RHP Michael Brown
Batting: RHB Duane Wills 0-0: Ball
1-0: Ground out 5-3 (Groundball, 5)
Batting: RHB Warren Martin 0-0: Foul Ball, location: 2F
0-1: Ball
1-1: Swinging Strike
1-2: Ball
2-2: DOUBLE (Line Drive, 7D)
Batting: RHB Ernest Daniels 0-0: Foul Ball, location: 2F
0-1: Foul Ball, location: 2F
0-2: Foul Ball, location: 2F
0-2: Ball
1-2: Ball
2-2: Ball
3-2: Fly out, F4 (Popup, 34S)
Batting: LHB Tony Rodríguez 0-0: Ball
1-0: Ball
2-0: Ball
3-0: Called Strike
3-1: Called Strike
3-2: Foul Ball, location: 2F
3-2: Base on Balls
Batting: RHB Elia Amberezzio 0-0: Foul Ball, location: 2F
0-1: Fly out, F9 (Line Drive, 89S)
Top of the 6th over - 0 runs, 1 hit, 0 errors, 2 left on base; Hamilton 4 - Sunset District 7
BOTTOM OF THE 6TH
Sunset District Fog batting - Pitching for Hamilton Coyotes : RHP Norberto Flores
Batting: SHB José Ángel 0-0: Called Strike
0-1: Foul Ball, location: 2F
0-2: Foul Ball, location: 2F
0-2: Ball
1-2: Ball
2-2: Foul Ball, location: 2F
2-2: Ball
3-2: Foul Ball, location: 2F
3-2: SINGLE (Flyball, 78M)
Batting: RHB Xavier Gama 0-0: Called Strike
0-1: Foul Ball, location: 2F
0-2: Ball
1-2: Ball
2-2: Grounds into double play, 1-6-3 (Groundball, P)
Batting: LHB Ed Berry 0-0: Called Strike
0-1: Ball
1-1: Ball
2-1: Called Strike
2-2: SINGLE (Groundball, 4D)
Pitching: RHP Neal Davis
Batting: RHB Cristián Coronado 0-0: Called Strike
0-1: Foul Ball, location: 2F
0-2: Ball
1-2: SINGLE (Groundball, 5S) (infield hit)
Ed Berry to second
Batting: LHB Ieyoshi Samurakami 0-0: Ball
1-0: Ball
2-0: Foul Ball, location: 2F
2-1: SINGLE (Groundball, 4MD)
Ed Berry to third
Cristián Coronado to second
Runner from 3rd tries for Home, SAFE, no throw
Batting: LHB Arnold England 0-0: Foul Ball, location: 2F
0-1: SINGLE (Flyball, 8LS)
Cristián Coronado to third
Ieyoshi Samurakami to second
Runner from 3rd tries for Home, SAFE, no throw
Batting: SHB José Rico 0-0: Ball
1-0: Swinging Strike
1-1: Ball
2-1: Foul Ball, location: 2F
2-2: Ball
3-2: Foul Ball, location: 2F
3-2: Foul Ball, location: 2F
3-2: Foul Ball, location: 2F
3-2: Base on Balls
Ieyoshi Samurakami to third
Arnold England to second
Batting: SHB Charles Weber 0-0: Called Strike
0-1: SINGLE (Groundball, 3D)
Ieyoshi Samurakami scores
Arnold England to third
José Rico to second
Runner from 3rd tries for Home, SAFE, no throw
Batting: RHB Rob Ingram 0-0: Fly out, F9 (Flyball, 9S)
Bottom of the 6th over - 4 runs, 6 hits, 0 errors, 2 left on base; Hamilton 4 - Sunset District 11
TOP OF THE 7TH
Hamilton Coyotes batting - Pitching for Sunset District Fog : RHP Michael Brown
Batting: LHB Ken Stroud 0-0: Ball
1-0: Fly out, F8 (Flyball, 8RD)
Batting: RHB Dani Trejo 0-0: Ball
1-0: Ball
2-0: Ball
3-0: Called Strike
3-1: Foul Ball, location: 2F
3-2: Foul Ball, location: 2F
3-2: Ground out 5-3 (Groundball, 5)
Batting: LHB Scot Willis 0-0: Ball
1-0: Called Strike
1-1: Ground out 4-3 (Groundball, 4)
Top of the 7th over - 0 runs, 0 hits, 0 errors, 0 left on base; Hamilton 4 - Sunset District 11
BOTTOM OF THE 7TH
Sunset District Fog batting - Pitching for Hamilton Coyotes : RHP Neal Davis
Batting: SHB José Ángel 0-0: Swinging Strike
0-1: Ball
1-1: Swinging Strike
1-2: Strikes out swinging
Batting: RHB Xavier Gama 0-0: Foul Ball, location: 2F
0-1: Foul Ball, location: 2F
0-2: Foul Ball, location: 2F
0-2: Foul Ball, location: 2F
0-2: Ball
1-2: Fly out, F2 (Popup, 23F)
Batting: LHB Ed Berry 0-0: Fly out, F2 (Popup, 25F)
Bottom of the 7th over - 0 runs, 0 hits, 0 errors, 0 left on base; Hamilton 4 - Sunset District 11
TOP OF THE 8TH
Hamilton Coyotes batting - Pitching for Sunset District Fog : RHP Michael Brown
Batting: SHB Martín Marrero 0-0: SINGLE (Line Drive, 9LS)
Batting: RHB Duane Wills 0-0: Called Strike
0-1: SINGLE (Line Drive, 78M)
Martín Marrero to second
Batting: RHB Warren Martin 0-0: Swinging Strike
0-1: Fielders Choice at 2nd, 3-6 (Groundball, 34)
Martín Marrero to third
Batting: RHB Ernest Daniels 0-0: Ball
1-0: Called Strike
1-1: Ball
2-1: Ball
3-1: Base on Balls
Warren Martin to second
Batting: LHB Tony Rodríguez 0-0: Ball
1-0: DOUBLE (Groundball, 5L)
Martín Marrero scores
Warren Martin scores
Ernest Daniels to third
Pinch Runner at 2nd Walt Lathon:
Batting: RHB Elia Amberezzio 0-0: Foul Ball, location: 2F
0-1: Ball
1-1: Ground out U3 (Groundball, 34)
Ernest Daniels scores
Walt Lathon to third
Pitching: RHP Kendarian Handy-Holly
Batting: LHB Ken Stroud 0-0: Called Strike
0-1: Ball
1-1: Swinging Strike
1-2: Strikes out looking
Top of the 8th over - 3 runs, 3 hits, 0 errors, 1 left on base; Hamilton 7 - Sunset District 11
BOTTOM OF THE 8TH
Sunset District Fog batting - Pitching for Hamilton Coyotes : RHP Neal Davis
Pitching: LHP Ken Clarke
Now in LF: Walt Lathon
Batting: RHB Cristián Coronado 0-0: SINGLE (Line Drive, 7S)
Batting: LHB Ieyoshi Samurakami 0-0: Ball
1-0: Swinging Strike
1-1: Ball
2-1: Fly out, F7 (Flyball, 7D)
Batting: LHB Arnold England 0-0: Ball
1-0: Foul Ball, location: 2F
1-1: Foul Ball, location: 2F
1-2: Ball
Cristián Coronado steals 2nd base
2-2: Foul Ball, location: 2F
2-2: SINGLE (Groundball, 3L) (infield hit)
Cristián Coronado to third
Batting: SHB José Rico 0-0: Ball
Arnold England steals 2nd base
1-0: Intentional Walk
Batting: SHB Charles Weber 0-0: Called Strike
0-1: Swinging Strike
0-2: Foul Ball, location: 2F
0-2: SINGLE (Groundball, 6MD)
Cristián Coronado scores
Arnold England to third
José Rico to second
Runner from 3rd tries for Home, SAFE, throw made at trailing runner, OUT at third!
Batting: RHB Rob Ingram 0-0: Called Strike
0-1: Ball
1-1: Ball
2-1: Fielders Choice at 2nd, 6-4 (Groundball, 6)
Bottom of the 8th over - 2 runs, 3 hits, 0 errors, 1 left on base; Hamilton 7 - Sunset District 13
TOP OF THE 9TH
Hamilton Coyotes batting - Pitching for Sunset District Fog : RHP Kendarian Handy-Holly
Now at 2B: Luis Rodríguez
Batting: RHB Dani Trejo 0-0: Ball
1-0: Ball
2-0: Fly out, F4 (Line Drive, 4)
Batting: LHB Scot Willis 0-0: Called Strike
0-1: Ball
1-1: Called Strike
1-2: Strikes out swinging
Batting: SHB Martín Marrero 0-0: Called Strike
0-1: Called Strike
0-2: Ball
1-2: Foul Ball, location: 2F
1-2: Strikes out looking
Top of the 9th over - 0 runs, 0 hits, 0 errors, 0 left on base; Hamilton 7 - Sunset District 13
Saturday, December 22nd, 2018 - OOTP Baseball 18.8 Build 76